cohdb
Replays
Latest Replays
All Replays
Popular Replays
Top Player Replays
Match Explorer
How It Works
Community
CoH3 Stats
Reddit
Sign in to upload your games and track your stats! →
Sign in with Steam
Match 39822114
Unlisted
Match 39822114
Overview
Messages
Build Orders
End
Engineer Squad
Selects Airborne Battlegroup
Selects Pathfinders
Construct Weapon Support Center
Selects Pathfinders
M1919 Machine Gun Team
Pathfinder Squad
Pathfinder Squad
Construct Medical Station
Selects Paratrooper Squad Paradrop
Paratrooper Squad Paradrop
Air Support Center
Paratrooper Squad Paradrop
Construct Tank Depot
Bazooka Squad
Selects Anti-tank Gun Team Paradrop
Selects Recon Loiter
Selects Supply Drop
Improved M9 Bazooka Rockets
Anti-tank Gun Team Paradrop
Dr. Gore
Cpt. Aids
Erich
Nashorn101
0
0
Comments
sign in to comment!
No comments posted yet!